 Dungeon Sprint DCSS version 0.26-a0-1147-g3780a7a11b (webtiles) character file.

Game seed: 1640314205132326794

2398 rocky1 the Earth Mage (level 9, -10/45 HPs)
             Began as a Gargoyle Earth Elementalist on Dec 23, 2020.
             Was a High Priest of Sif Muna.
             Mangled by a nagaraja (21 damage)
             ... in the Dungeon (Sprint VII: "The Pits").
             The game lasted 00:09:44 (1538 turns).

rocky1 the Earth Mage (Gargoyle Earth Elementalist) Turns: 1538, Time: 00:09:45

Health: -10/45     AC: 12    Str: 12    XL:     9   Next: 46%
Magic:  5/22       EV: 12    Int: 22    God:    Sif Muna [*****.]
Gold:   0          SH:  0    Dex: 13    Spells: 13/26 levels left

rFire    . . .     SeeInvis .   n - +1 mace (protect)
rCold    . . .     Faith    .   (no shield)
rNeg     + . .     Spirit   .   p - +2 robe {Will+}
rPois    ∞         Reflect  .   v - +0 helmet
rElec    +         Harm     .   (no cloak)
rCorr    .         Rampage  .   (no gloves)
Will     +....     NoTele   +   (no boots)
Stlth    ++........             (no amulet)
HPRegen  0.15/turn              c - +3 ring of dexterity
MPRegen  0.18/turn              r - +3 ring of intelligence

@: constricted
A: negative energy resistance 1, electricity resistance, unbreathing,
petrification resistance, miasma immunity, AC +6
a: Renounce Religion, Channel Magic, Forget Spell, Divine Exegesis


You were in the Dungeon.
You worshipped Sif Muna.
Sif Muna was extremely pleased with you.
You visited 1 branch

Inventory:

Hand Weapons
 n - a +1 mace of protection (weapon)
 q - a +0 whip of flaming
 w - a +1 vorpal broad axe
 x - a +2 scimitar of holy wrath
Missiles
 b - 6 stones (quivered)
Armour
 m - a +0 kite shield
 p - a +2 robe of willpower (worn)
 u - a +5 ring mail
 v - a +0 helmet (worn)
Jewellery
 c - a +3 ring of dexterity (left hand)
 r - a +3 ring of intelligence (right hand)
Wands
 o - a wand of disintegration (13)
Scrolls
 i - a scroll of blinking
 j - 3 scrolls of remove curse
 k - 5 scrolls of amnesia
 l - a scroll of summoning
Potions
 a - 2 potions of invisibility
 d - 7 potions of curing
 e - 9 potions of heal wounds
 f - 3 potions of haste
 g - 3 potions of magic
 h - 4 potions of berserk rage
 s - a potion of might
 t - a potion of brilliance


   Skills:
 + Level 7.0 Armour
 + Level 5.4 Dodging
 - Level 2.1 Stealth
 + Level 7.0 Shields
 + Level 9.3 Spellcasting
 - Level 0.7 Transmutations
 + Level 15.8 Earth Magic
 + Level 7.0 Invocations


You had 13 spell levels left.
You knew the following spells:

 Your Spells              Type           Power        Failure   Level
a - Sandblast             Erth           100%         0%          1
b - Stone Arrow           Conj/Erth      90%          1%          3
c - Lee's Rapid Deconstr  Erth           34%          1%          5
d - Petrify               Tmut/Erth      46%          2%          4

Your spell library contained the following spells:

 Spells                   Type           Power        Failure   Level
 Passwall                 Tmut/Erth      38%          1%          2
 Apportation              Tloc           20%          7%          1
 Borgnjor's Vile Clutch   Necr/Erth      22%          7%          5
 Lesser Beckoning         Tloc           5%           21%         3
 Teleport Other           Tloc           10%          21%         3
 Iron Shot                Conj/Erth      22%          36%         6
 Passage of Golubria      Tloc           N/A          54%         4
 Summon Forest            Summ/Tloc      5%           88%         5
 Dispersal                Tloc           5%           100%        6
 Malign Gateway           Summ/Tloc      5%           100%        7
 Fire Storm               Conj/Fire      5%           100%        9


Dungeon Overview and Level Annotations

Branches:
Dungeon (1/1)

Altars:
Ashenzari
Cheibriados
Dithmenos
Elyvilon
Fedhas
Gozag
Hepliaklqana
Kikubaaqudgha
Makhleb
Nemelex Xobeh
Okawaru
Qazlal
Ru
Sif Muna
Trog
Uskayaw
Vehumet
Wu Jian
Xom
Yredelemnul
Zin
The Shining One
Beogh
Jiyva
Lugonu


Innate Abilities, Weirdness & Mutations

You are resistant to torment.
Your stone body is resilient. (AC +6)
You are immune to poison.
You resist negative energy. (rN+)
You are resistant to electric shocks. (rElec)
You can survive without breathing.
You are immune to petrification.
You are immune to miasma.


Message History

Confirm with . or Enter, or press ? or * to list all spells.
Aiming: Lee's Rapid Deconstruction (dangerous; 1% risk of failure)
Press: ? - help, Dir - move target, p - nagaraja A metal wall.
The metal wall shatters!
The blast of metal fragments hits the nagaraja.
The nagaraja is almost dead.
The nagaraja hits you.
* * * LOW HITPOINT WARNING * * *
The nagaraja constricts you.
Casting: Lee's Rapid Deconstruction (dangerous; 1% risk of failure)
Confirm with . or Enter, or press ? or * to list all spells.
Aiming: Lee's Rapid Deconstruction (dangerous; 1% risk of failure)
Press: ? - help, Dir - move target A metal wall.
The metal wall shatters!
The blast of metal fragments hits the nagaraja but does no damage.
The nagaraja is almost dead.
The nagaraja hits you!!
You die...

#..# ######### #..#
....##..# #..#
....##..# #..#
....''..# #..#
....''..##########†.#
....##..)........N..#
....##..........@...#
#####################


You could see a nagaraja (catching breath).

Vanquished Creatures
  An orc high priest (D)
  Pikel (D)
  An orc knight (D)
  A hornet (D)
  A ynoxinul (D)
  An orc warrior (D)
  An ogre (D)
  A lemure (D)
  A bullfrog (D)
  A gnoll sergeant (D)
  A scorpion (D)
  An orc priest (D)
  3 orc wizards (D)
  An iron imp (D)
  A worker ant (D)
  4 gnolls (D)
  A river rat (D)
  A white imp (D)
  An adder zombie (D)
  A leopard gecko (D)
  3 orcs (D)
  A giant cockroach (D)
  A goblin (D)
  A quokka (D)
  A frilled lizard (D)
  A kobold (D)
  A leopard gecko skeleton (D)
34 creatures vanquished.

Notes
Turn   | Place    | Note
-------+----------+-------------------------------------------
     0 | D        | rocky1 the Gargoyle Earth Elementalist began the quest for
                  | the Orb.
     0 | D        | Reached XP level 1. HP: 10/10 MP: 3/3
    16 | D        | Reached skill level 4 in Earth Magic
    43 | D        | Found a bloodstained altar of Trog.
    43 | D        | Found a shimmering blue altar of Sif Muna.
    43 | D        | Found a viscous altar of Jiyva.
    43 | D        | Found a hazy altar of Hepliaklqana.
    43 | D        | Found an opulent altar of Gozag.
    44 | D        | Found a glowing golden altar of the Shining One.
    44 | D        | Found a glowing silver altar of Zin.
    44 | D        | Found a basalt altar of Yredelemnul.
    44 | D        | Found a shimmering altar of Xom.
    44 | D        | Found an ornate altar of the Wu Jian Council.
    44 | D        | Found a sacrificial altar of Ru.
    44 | D        | Found a stormy altar of Qazlal.
    44 | D        | Found an iron altar of Okawaru.
    44 | D        | Found a sparkling altar of Nemelex Xobeh.
    44 | D        | Found a burning altar of Makhleb.
    44 | D        | Found a blossoming altar of Fedhas.
    44 | D        | Found a white marble altar of Elyvilon.
    44 | D        | Found a shadowy altar of Dithmenos.
    44 | D        | Found a snail-covered altar of Cheibriados.
    46 | D        | Found a radiant altar of Vehumet.
    46 | D        | Found a corrupted altar of Lugonu.
    46 | D        | Found a roughly hewn altar of Beogh.
    47 | D        | Found a hide-covered altar of Uskayaw.
    47 | D        | Found an ancient bone altar of Kikubaaqudgha.
    47 | D        | Found a broken altar of Ashenzari.
    83 | D        | Became a worshipper of Sif Muna the Loreminder
    96 | D        | Reached skill level 5 in Earth Magic
   115 | D        | Reached * piety under Sif Muna
   119 | D        | Reached XP level 2. HP: 15/15 MP: 3/5
   139 | D        | Noticed an ogre
   154 | D        | Reached skill level 8 in Earth Magic
   154 | D        | Reached XP level 3. HP: 17/19 MP: 6/6
   157 | D        | Reached ** piety under Sif Muna
   159 | D        | Killed an ogre
   160 | D        | Reached skill level 11 in Earth Magic
   160 | D        | Reached XP level 4. HP: 15/24 MP: 1/7
   160 | D        | Reached XP level 5. HP: 18/28 MP: 1/8
   351 | D        | Learned a level 3 spell: Stone Arrow
   368 | D        | Reached skill level 12 in Earth Magic
   387 | D        | Reached *** piety under Sif Muna
   395 | D        | Reached skill level 5 in Spellcasting
   395 | D        | Reached skill level 13 in Earth Magic
   395 | D        | Reached XP level 6. HP: 14/32 MP: 2/13
   566 | D        | Learned a level 5 spell: Lee's Rapid Deconstruction
   571 | D        | Learned a level 4 spell: Petrify
   689 | D        | Reached **** piety under Sif Muna
   694 | D        | Reached skill level 14 in Earth Magic
   702 | D        | Reached ***** piety under Sif Muna
   703 | D        | Reached XP level 7. HP: 34/36 MP: 3/17
   810 | D        | Identified Sif Muna's Handbook of Ashen Conjuration (Sif
                  | Muna gifted it to you in the Dungeon)
   810 | D        | Received a gift from Sif Muna
   846 | D        | Noticed an orc high priest
   848 | D        | Killed an orc high priest
   849 | D        | Reached skill level 15 in Earth Magic
   849 | D        | Reached XP level 8. HP: 22/41 MP: 7/20
   992 | D        | Noticed Pikel
   995 | D        | Killed Pikel
   996 | D        | Reached skill level 5 in Armour
   996 | D        | Reached skill level 5 in Shields
   996 | D        | Reached skill level 5 in Invocations
  1204 | D        | Noticed a ynoxinul
  1211 | D        | Killed a ynoxinul
  1212 | D        | Reached XP level 9. HP: 45/45 MP: 11/21
  1357 | D        | Noticed an orc knight
  1357 | D        | Noticed a merfolk
  1361 | D        | Killed an orc knight
  1362 | D        | Reached skill level 5 in Dodging
  1384 | D        | Identified Sif Muna's Handbook of the Voyage (Sif Muna
                  | gifted it to you in the Dungeon)
  1384 | D        | Received a gift from Sif Muna
  1520 | D        | Noticed a nagaraja
  1520 | D        | Noticed a hornet
  1524 | D        | Killed a hornet
  1538 | D        | Mangled by a nagaraja

Illustrated notes

Levels and vault maps discovered:
D:        pitsprint [storerooms_1, entrance_room_1, metal_vault_6, armoury_1,
          mini_pit_1, grid_room_1, main_hall_1, silver_pit, the_coven_3,
          the_vestibule_1, steel_vault_2, golden_pit, hallway_of_sentries,
          crystal_vault_1, iron_vault_2, final_vault]

Skill      XL: |  1  2  3  4  5  6  7  8  9 |
---------------+----------------------------+-----
Earth Magic    | 5 8 11 13 14 15 | 15.8
Spellcasting   | 5 7 8 9 |  9.3
Armour         | 4 5 7 |  7.0
Dodging        | 3 4 5 |  5.4
Shields        | 4 5 7 |  7.0
Invocations    | 4 5 7 |  7.0
Stealth        | |  2.1
Transmutations | |  0.7

Action                   |  1- 3 |  4- 6 |  7- 9 || total
-------------------------+-------+-------+-------++-------
Melee: Mace              |     3 |    12 |    18 ||    33
 Cast: Sandblast         |    13 |    19 |     4 ||    36
       Lee's Rapid Decon |       |     1 |    19 ||    20
Invok: Channel Magic     |       |       |     1 ||     1
  Use: Potion            |     3 |       |       ||     3
Armor: Robe              |     4 |     6 |    18 ||    28
Dodge: Dodged            |    11 |    12 |    12 ||    35

Table legend: (Time is in decaauts)
 A = Elapsed time spent in this place.
 B = Non-inter-level travel time spent in this place.
 C = Inter-level travel time spent in this place.
 D = Time resting spent in this place.
 E = Time spent auto-exploring this place.
 F = Levels seen in this place.
 G = Mean time per level.
                   A        B        C        D        E       F      G
               +--------+--------+--------+--------+--------+-----+--------+
         Total |   1548 |   1548 |      0 |    921 |      0 |   1 | 1548.0 |
       Dungeon |   1548 |   1548 |      0 |    921 |      0 |   1 | 1548.0 |
               +--------+--------+--------+--------+--------+-----+--------+

Top non-repeatable levels by time:
       D: 1548 daAuts
